[Event "fics rated crazyhouse match"]
[Site "fics, Oklahoma City, OK USA"]
[Date "2000.01.14"]
[White "Ephemera"]
[WhiteElo "2228"]
[Black "LSS"]
[BlackElo "2377"]
[TimeControl "180+0"]
[Result "0-1"]

1. e4 d5 2. exd5 Qxd5 3. Nc3 Qd8 4. d4 Nc6 5. Nf3 Bg4 6. Bb5 
a6 7. Ba4 b5 8. Nxb5 axb5 9. Bxb5 P@d7 10. d5 Bxf3 11. Qxf3 Nd4 
12. Qd3 Nxb5 13. Qxb5 B@a6 14. Qa5 N@h4 15. B@h3 e6 16. dxe6 dxe6 17. Bg5 
N@f3+ 18. gxf3 Nxf3# 
{Ephemera checkmated} 0-1

[Event "fics rated crazyhouse match"]
[Site "fics, Oklahoma City, OK USA"]
[Date "2000.01.14"]
[White "LSS"]
[WhiteElo "2382"]
[Black "Ephemera"]
[BlackElo "2219"]
[TimeControl "180+0"]
[Result "1-0"]

1. e4 e6 2. Nc3 d5 3. exd5 exd5 4. d4 Nf6 5. Bb5+ Bd7 6. Qe2+ 
Be7 7. P@e5 Ne4 8. Bxd7+ Qxd7 9. B@h3 P@e6 10. Nxe4 dxe4 11. Qxe4 B@d5 
12. Qg4 Bb4+ 13. P@c3 Bf8 14. Ne2 Nc6 15. O-O h5 16. Qh4 Bc4 17. Re1 
N@g6 18. Qg5 Be7 19. N@f6+ gxf6 20. exf6 Bxf6 21. Qxf6 P@e7 22. Qxh8+ Nxh8 
23. R@g8+ N@f8 24. P@g7 Ng6 25. gxf8=R+ Nxf8 26. N@g7+ Kd8 27. Rxf8# 
{Ephemera resigns} 1-0

[Event "fics rated crazyhouse match"]
[Site "fics, Oklahoma City, OK USA"]
[Date "2000.01.14"]
[White "Ephemera"]
[WhiteElo "2211"]
[Black "LSS"]
[BlackElo "2387"]
[TimeControl "180+0"]
[Result "0-1"]

1. e4 Nc6 2. d4 Nf6 3. e5 Ne4 4. Nc3 d5 5. exd6 Nxd6 6. Nf3 
Bg4 7. Be2 e6 8. O-O Be7 9. Ne5 Bxe2 10. Nxc6 Bxd1 11. Nxd8 Rxd8 
12. Rxd1 B@e4 13. Nxe4 Nxe4 14. B@d3 P@f3 15. Bxe4 N@h3+ 16. Kf1 Q@g1# 
{Ephemera checkmated} 0-1

[Event "fics rated crazyhouse match"]
[Site "fics, Oklahoma City, OK USA"]
[Date "2000.01.14"]
[White "LSS"]
[WhiteElo "2391"]
[Black "Ephemera"]
[BlackElo "2203"]
[TimeControl "180+0"]
[Result "1-0"]

1. e4 e5 2. Nf3 Nc6 3. Bc4 Bc5 4. O-O d6 5. d3 Nf6 6. Bg5 
Be6 7. Nc3 Bxc4 8. dxc4 B@g4 9. Bxf6 gxf6 10. N@g7+ Kd7 11. B@f5+ Bxf5 
12. Nxf5 Rg8 13. B@d5 B@e6 14. Ng3 B@g4 15. a3 Nd4 16. Nxd4 Bxd1 17. Nxe6 
fxe6 18. Bxe6+ Kxe6 19. B@d5+ Kd7 20. Raxd1 B@g4 21. B@f5+ Bxf5 22. exf5 c6 
23. Bxg8 Qxg8 24. B@e6+ Kc7 25. R@d7# 
{Ephemera resigns} 1-0

[Event "fics rated crazyhouse match"]
[Site "fics, Oklahoma City, OK USA"]
[Date "2000.01.14"]
[White "Ephemera"]
[WhiteElo "2196"]
[Black "LSS"]
[BlackElo "2395"]
[TimeControl "180+0"]
[Result "0-1"]

1. e4 e6 2. d4 d5 3. exd5 exd5 4. Nf3 Nf6 5. Bd3 P@e4 6. Bb5+ 
c6 7. P@e5 cxb5 8. exf6 exf3 9. fxg7 Qe7+ 10. Be3 Bxg7 11. Qxf3 B@e4 
12. Qg3 N@f5 13. P@d6 Nxg3 14. dxe7 Q@e2# 
{Ephemera checkmated} 0-1

[Event "fics rated crazyhouse match"]
[Site "fics, Oklahoma City, OK USA"]
[Date "2000.01.14"]
[White "LSS"]
[WhiteElo "2399"]
[Black "Ephemera"]
[BlackElo "2189"]
[TimeControl "180+0"]
[Result "1-0"]

1. e4 e5 2. Nf3 Nc6 3. d4 exd4 4. Nxd4 Bc5 5. Nxc6 Qf6 6. P@f3 
dxc6 7. Bc4 N@h4 8. Rg1 Bh3 9. Bxf7+ Qxf7 10. N@g5 Qe7 11. gxh3 Nf6 
12. B@g3 Rd8 13. P@d3 h6 14. Bxh4 hxg5 15. Bcxg5 N@e5 16. N@f5 Qf7 17. Bxf6 
gxf6 18. N@g7+ Kf8 19. P@e6 B@a5+ 20. Nc3 Bxc3+ 21. bxc3 Rxh4 22. exf7 Bxf2+ 
23. Kf1 Bxg1 24. Q@e8# 
{Ephemera forfeits on time} 1-0

[Event "fics rated crazyhouse match"]
[Site "fics, Oklahoma City, OK USA"]
[Date "2000.01.14"]
[White "Thufir"]
[WhiteElo "2373"]
[Black "Tecumseh"]
[BlackElo "2261"]
[TimeControl "180+0"]
[Result "1-0"]

1. e4 e6 2. d4 Nf6 3. e5 Nd5 4. Nf3 d6 5. Be2 Nc6 6. O-O 
Be7 7. c4 Nb6 8. exd6 cxd6 9. Be3 O-O 10. Nc3 f5 11. d5 Ne5 
12. Nxe5 dxe5 13. dxe6 Bxe6 14. P@h6 Bf6 15. hxg7 Bxg7 16. P@h6 Qf6 17. N@h5 
Qg6 18. Bxb6 axb6 19. N@e7# 
{Tecumseh resigns} 1-0

[Event "fics rated crazyhouse match"]
[Site "fics, Oklahoma City, OK USA"]
[Date "2000.01.14"]
[White "Tecumseh"]
[WhiteElo "2250"]
[Black "Thufir"]
[BlackElo "2379"]
[TimeControl "180+0"]
[Result "0-1"]

1. e4 e6 2. d4 Nc6 3. Nf3 Nf6 4. Nc3 Bb4 5. e5 Ne4 6. Bd2 
d5 7. Bd3 Nxd2 8. Qxd2 B@e4 9. Rg1 Bxf3 10. gxf3 Nxd4 11. B@h5 P@g6 
12. Bdxg6 Nxf3+ 13. Bxf3 hxg6 14. N@f6+ gxf6 15. P@g7 Rg8 16. exf6 Qxf6 17. P@h7 
Qxg7 18. hxg8=Q+ Qxg8 19. N@f6+ Kd8 20. Nxg8 Bd7 21. Bxd5 exd5 22. Qxd5 P@d2+ 
23. Kf1 B@h3+ 24. P@g2 P@e2+ 25. Nxe2 B@c6 26. Q@h4+ P@e7 27. R@f8+ N@e8 28. Rxe8+ 
Kxe8 29. Qxd2 Bhxg2+ 30. Rxg2 Bxg2+ 31. Kxg2 P@h3+ 32. Kg3 N@f5+ 33. Kxh3 Nxh4+ 
34. Qxd7+ Kxd7 35. N@e5+ Ke8 36. P@d7+ Kf8 37. B@h6+ P@g7 38. Bxg7+ Kxg7 39. B@g4 
B@g2+ 40. Kxh4 R@h7+ 41. P@h6+ Rxh6+ 42. Nxh6 P@g5+ 43. Kxg5 Q@f6# 
{Tecumseh checkmated} 0-1

[Event "fics rated crazyhouse match"]
[Site "fics, Oklahoma City, OK USA"]
[Date "2000.01.14"]
[White "FriBad"]
[WhiteElo "2217"]
[Black "fisherman"]
[BlackElo "2223"]
[TimeControl "60+0"]
[Result "1-0"]

1. e4 e5 2. Nf3 Nc6 3. Bc4 Bc5 4. d3 d6 5. O-O Bg4 6. Be3 
Bb6 7. Nbd2 Nf6 8. c3 O-O 9. Bxb6 axb6 10. Qc2 B@h6 11. B@e3 Bxe3 
12. fxe3 B@h6 13. B@f2 d5 14. exd5 Nxd5 15. Bxd5 Qxd5 16. P@e4 Qd7 17. Nc4 
Bxf3 18. gxf3 N@h3+ 19. Kh1 Nxf2+ 20. Qxf2 b5 21. Nd2 P@f4 22. exf4 exf4 
23. B@g4 P@e6 24. N@h5 B@g5 25. Nb1 B@e3 26. Qe2 f5 27. exf5 exf5 28. Bxf5 
Rxf5 29. P@g4 Rff8 30. P@f5 P@g3 31. P@e6 Qd6 32. N@f7 Rxf7 33. exf7+ Kxf7 
34. R@d7+ Qxd7 35. f6 gxf6 36. hxg3 
{fisherman forfeits on time} 1-0

[Event "fics rated crazyhouse match"]
[Site "fics, Oklahoma City, OK USA"]
[Date "2000.01.14"]
[White "fisherman"]
[WhiteElo "2215"]
[Black "FriBad"]
[BlackElo "2226"]
[TimeControl "60+0"]
[Result "1-0"]

1. e4 e6 2. Nc3 Nc6 3. d4 Nf6 4. Nf3 Bb4 5. Bd3 d5 6. exd5 
Nxd5 7. Bd2 Qe7 8. O-O Bxc3 9. bxc3 f6 10. c4 Nb6 11. Re1 O-O 
12. d5 exd5 13. Rxe7 Nxe7 14. Bxh7+ Kh8 15. c5 Nc4 16. Bd3 P@h7 17. Bxc4 
dxc4 18. B@d6 cxd6 19. cxd6 Nf5 20. P@e4 Nxd6 21. P@h6 R@g6 22. hxg7+ Rxg7 
23. P@h6 N@h3+ 24. Kf1 B@d3+ 25. cxd3 Rfg8 26. hxg7+ Rxg7 27. P@h6 B@f8 28. hxg7+ 
Bxg7 29. R@d8# 
{FriBad resigns} 1-0

[Event "fics rated crazyhouse match"]
[Site "fics, Oklahoma City, OK USA"]
[Date "2000.01.14"]
[White "FriBad"]
[WhiteElo "2217"]
[Black "fisherman"]
[BlackElo "2223"]
[TimeControl "60+0"]
[Result "1-0"]

1. e4 Nf6 2. Nc3 d5 3. e5 Ne4 4. Nxe4 dxe4 5. d3 exd3 6. Bxd3 
Nc6 7. Nf3 Bg4 8. O-O e6 9. Be2 P@e4 10. P@d7+ Qxd7 11. Qxd7+ Kxd7 
12. Ng5 Bxe2 13. Nxe4 B@e7 14. Be3 Bxf1 15. Rxf1 N@e2+ 16. Kh1 R@d5 17. P@f6 
Nxe5 18. fxe7 Bxe7 19. B@h5 P@h3 20. B@f3 hxg2+ 21. Bxg2 P@f5 22. Nc3 Rd6 
23. N@c5+ Ke8 24. Nxb7 Rb6 25. Bxb6 axb6 26. P@d7+ Nxd7 27. P@c6 Ne5 28. Q@d7+ 
Nxd7 29. Bxf7+ Kxf7 30. P@g6+ Kxg6 31. cxd7 b5 32. R@g3+ Nxg3+ 33. fxg3 Q@g1+ 
34. Kxg1 
{fisherman forfeits on time} 1-0

[Event "fics rated crazyhouse match"]
[Site "fics, Oklahoma City, OK USA"]
[Date "2000.01.14"]
[White "fisherman"]
[WhiteElo "2215"]
[Black "FriBad"]
[BlackElo "2226"]
[TimeControl "60+0"]
[Result "0-1"]

1. e4 e6 2. Nc3 Nc6 3. Nf3 Bb4 4. Bb5 Nf6 5. O-O O-O 6. e5 
Nd5 7. Ne4 Be7 8. d4 d6 9. Bd3 f5 10. Neg5 dxe5 11. dxe5 Bxg5 
12. Bxg5 Nxe5 13. Bxd8 Nxf3+ 14. Qxf3 P@g4 15. Qxd5 exd5 16. N@e7+ Kf7 17. N@e5+ 
Ke8 18. P@f7+ Rxf7 19. Q@g8+ Q@f8 20. Qxf8+ Rxf8 21. B@f7+ Rxf7 22. Q@g8+ Q@f8 
23. Qxf8+ Rxf8 24. Q@g3 P@e4 25. Nxd5 exd3 26. P@e7 N@e2+ 27. Kh1 Nxg3+ 28. fxg3 
Q@g1+ 29. Kxg1 B@d4+ 30. Kh1 Q@g1+ 31. Rxg1 N@f2# 
{fisherman checkmated} 0-1

[Event "fics rated crazyhouse match"]
[Site "fics, Oklahoma City, OK USA"]
[Date "2000.01.14"]
[White "FriBad"]
[WhiteElo "2234"]
[Black "Ephemera"]
[BlackElo "2187"]
[TimeControl "180+0"]
[Result "1-0"]

1. e4 e5 2. Nf3 Nc6 3. Bc4 Bc5 4. d3 Nf6 5. O-O d5 6. exd5 
Nxd5 7. Nc3 Nxc3 8. bxc3 P@d5 9. Bb5 Bd6 10. Re1 O-O 11. Bxc6 bxc6 
12. Nxe5 Bxe5 13. Rxe5 B@d6 14. P@e7 Bxe7 15. P@h6 gxh6 16. Bxh6 P@g7 17. Bxg7 
Kxg7 18. N@h5+ Kg8 19. N@h6# 
{Ephemera resigns} 1-0

[Event "fics rated crazyhouse match"]
[Site "fics, Oklahoma City, OK USA"]
[Date "2000.01.14"]
[White "Yoba"]
[WhiteElo "2242"]
[Black "Lomboc"]
[BlackElo "2325"]
[TimeControl "180+0"]
[Result "1-0"]

1. e4 e6 2. d4 d5 3. Nc3 dxe4 4. Nxe4 Nd7 5. Bb5 Nf6 6. Bg5 
Be7 7. Bxf6 Bxf6 8. Nxf6+ Qxf6 9. B@e5 Qg6 10. Bxc7 Qxg2 11. N@d6+ Ke7 
12. Qf3 Qxf3 13. Nxf3 B@b4+ 14. P@c3 N@g2+ 15. Kd1 P@e2+ 16. Bxe2 Q@c6 17. cxb4 
Qxc7 18. Nb5 Qxc2+ 19. Kxc2 B@a4+ 20. P@b3 Bxb5 21. P@d6+ Kxd6 22. B@c5+ Nxc5 
23. dxc5+ Ke7 24. Q@d6+ Kf6 25. Q@g5# 
{Lomboc checkmated} 1-0

[Event "fics rated crazyhouse match"]
[Site "fics, Oklahoma City, OK USA"]
[Date "2000.01.14"]
[White "Lomboc"]
[WhiteElo "2315"]
[Black "Yoba"]
[BlackElo "2252"]
[TimeControl "180+0"]
[Result "0-1"]

1. e4 Nf6 2. Nc3 d5 3. exd5 Nxd5 4. Nxd5 Qxd5 5. d4 Nc6 6. Nf3 
Bg4 7. Be2 P@e4 8. N@e3 exf3 9. Nxd5 fxe2 10. Qd2 B@d8 11. P@f3 N@c4 
12. Qf4 Bxf3 13. Qxf3 Nxd4 14. Qxe2 Nxe2 15. B@b5+ P@c6 16. Bxc4 P@d7 17. Bxe2 
cxd5 18. N@e5 N@d4 19. Q@d3 Nxe2 20. Qxe2 B@f6 21. Nxf7 Kxf7 22. P@f5 e6 
23. P@g6+ Ke8 24. fxe6 N@d4 25. exd7+ Kxd7 26. P@e6+ Kc8 27. Qd3 N@b4 28. P@d7+ 
Kb8 29. O-O Nxd3 30. cxd3 P@f3 31. N@c6+ Nxc6 32. gxf3 Q@g2+ 33. Kxg2 N@h4+ 
34. Kh3 Q@g2# 
{Lomboc checkmated} 0-1

[Event "fics rated crazyhouse match"]
[Site "fics, Oklahoma City, OK USA"]
[Date "2000.01.14"]
[White "Yoba"]
[WhiteElo "2261"]
[Black "Lomboc"]
[BlackElo "2306"]
[TimeControl "180+0"]
[Result "0-1"]

1. e4 e6 2. d4 d5 3. Nc3 dxe4 4. Nxe4 Nc6 5. Bb5 Bd7 6. Nf3 
Be7 7. O-O Nf6 8. Nxf6+ Bxf6 9. N@h5 Rg8 10. d5 exd5 11. Re1+ P@e6 
12. Qxd5 N@e7 13. Qd3 Ng6 14. P@d5 Nce5 15. Bxd7+ Qxd7 16. dxe6 Qxe6 17. B@d5 
Qe7 18. Bxb7 Rd8 19. Bc6+ P@d7 20. Nxe5 Nxe5 21. P@d6 Nf3+ 22. Bxf3 Qxe1+ 
23. N@f1 N@e5 24. Bd2 Nxf3+ 25. Qxf3 Qe5 26. Bc3 P@d4 27. Re1 Qxe1 28. Bxe1 
B@c6 29. Qxf6 R@h1+ 30. Kxh1 Bxg2# 
{Yoba forfeits on time} 0-1

[Event "fics rated crazyhouse match"]
[Site "fics, Oklahoma City, OK USA"]
[Date "2000.01.14"]
[White "Lomboc"]
[WhiteElo "2313"]
[Black "Yoba"]
[BlackElo "2254"]
[TimeControl "180+0"]
[Result "1-0"]

1. e4 e6 2. d4 Nf6 3. e5 Nd5 4. Nc3 Bb4 5. Bd2 Bxc3 6. bxc3 
N@e4 7. Bd3 Nexc3 8. Bxc3 Nxc3 9. Qd2 B@b2 10. Rd1 Nxd1 11. Kxd1 R@b1+ 
12. Ke2 Nc6 13. c3 Rxg1 14. Rxg1 Bxc3 15. Qxc3 P@b4 16. Qc5 N@f4+ 17. Ke3 
Qg5 18. N@f3 Nxd3+ 19. Kxd3 B@g6+ 20. Ke2 P@d3+ 21. Ke1 Qe7 22. Qc1 Bh5 
23. B@h4 f6 24. exf6 gxf6 25. Bxf6 Qxf6 26. N@e4 Qf7 27. N@f6+ Kd8 28. Nxh5 
Qxh5 29. P@e7+ Nxe7 30. P@f6 N@c2+ 31. Kd2 B@c3+ 32. Kxd3 
{Yoba forfeits on time} 1-0

[Event "fics rated crazyhouse match"]
[Site "fics, Oklahoma City, OK USA"]
[Date "2000.01.14"]
[White "Yoba"]
[WhiteElo "2247"]
[Black "Lomboc"]
[BlackElo "2320"]
[TimeControl "180+0"]
[Result "1-0"]

1. e4 e6 2. d4 d5 3. Nc3 dxe4 4. Nxe4 Nd7 5. Bb5 c6 6. Be2 
P@c7 7. Nf3 Ngf6 8. Bg5 Be7 9. Bxf6 Nxf6 10. Nxf6+ Bxf6 11. P@e5 Be7 
12. O-O B@g6 13. Bd3 N@f5 14. c3 O-O 15. N@g4 f6 16. exf6 Rxf6 17. Nxf6+ 
Bxf6 18. P@e5 Be7 19. Bxf5 exf5 20. N@f4 B@e6 21. Nxg6 hxg6 22. N@f4 P@f7 
23. B@a3 Bxa3 24. bxa3 B@d5 25. B@g5 Qd7 26. R@d8+ Qxd8 27. Bxd8 Bxf3 28. Qxf3 
R@e8 29. Bxc7 N@g5 30. Qe2 N@h7 31. P@f6 gxf6 32. exf6 Nxf6 33. B@h6 P@g7 
34. Bxg5 N@e4 35. P@h6 gxh6 36. Bxh6 P@g7 37. Bxg7 Kxg7 38. Be5 B@h6 39. P@g5 
Nxg5 40. N@h5+ gxh5 41. Nxh5+ Kg6 42. Nxf6 P@f3 43. gxf3 Nh3+ 44. Kh1 P@g2+ 
45. Kxg2 N@f4+ 46. Kh1 Nxe2 47. Q@h7+ Kg5 48. P@h4+ Kxh4 49. N@g2+ Kg5 50. P@h4# 
{Lomboc checkmated} 1-0

[Event "fics rated crazyhouse match"]
[Site "fics, Oklahoma City, OK USA"]
[Date "2000.01.14"]
[White "Lomboc"]
[WhiteElo "2310"]
[Black "Yoba"]
[BlackElo "2257"]
[TimeControl "180+0"]
[Result "0-1"]

1. e4 e6 2. Nc3 Nf6 3. d4 d5 4. e5 Ne4 5. Nxe4 dxe4 6. Nh3 
Nc6 7. Bb5 Bd7 8. N@g5 Nxe5 9. Bxd7+ Nxd7 10. Nxf7 Kxf7 11. Ng5+ Ke7 
12. Nxe4 P@f6 13. B@a3+ Kf7 14. Bxf8 Rxf8 15. P@h5 B@f5 16. B@d3 B@g4 17. P@f3 
Bxh5 18. Ng3 Bhg6 19. Nxf5 exf5 20. d5 Kg8 21. B@e6+ Kh8 22. Bdxf5 P@f7 
23. Bxd7 Re8+ 24. Bxe8 Qxe8+ 25. R@e3 Bxf5 26. Rxe8+ Rxe8+ 27. P@e4 B@b5 28. N@d4 
Bxe4 29. fxe4 Rxe4+ 30. Be3 P@e2 31. Nxe2 Bxe2 32. Qxe2 N@d4 33. Qd3 N@f3+ 
34. gxf3 Nxf3+ 35. Kd1 P@e2+ 36. Qxe2 N@g1 37. B@f8 Nxe2 38. Bxg7+ Kxg7 39. B@h6+ 
Kg6 40. P@h5+ Kf5 41. N@g3+ Nxg3 42. P@g4+ Rxg4 43. Q@d3+ B@e4 44. P@h3 Bxd3 
45. hxg4+ Ke5 46. Bhf4+ Kxd5 47. R@d7+ P@d6 48. Rxd6+ cxd6 49. P@c4+ Bxc4 50. Bxg3 
{Lomboc forfeits on time} 0-1

[Event "fics rated crazyhouse match"]
[Site "fics, Oklahoma City, OK USA"]
[Date "2000.01.14"]
[White "Yoba"]
[WhiteElo "2266"]
[Black "Lomboc"]
[BlackElo "2301"]
[TimeControl "180+0"]
[Result "0-1"]

1. e4 e6 2. d4 d5 3. exd5 exd5 4. Nf3 Nf6 5. Nc3 Be7 6. Bg5 
Nc6 7. Bb5 Bd7 8. O-O O-O 9. Bxc6 bxc6 10. P@h6 gxh6 11. Bxh6 Re8 
12. Ne5 P@g6 13. Nxf7 Qc8 14. Ne5 P@f7 15. Nxf7 B@e6 16. Ne5 Bd6 17. Qf3 
Bxe5 18. dxe5 Ng4 19. P@f7+ Bxf7 20. Qxg4 P@e7 21. Qf3 N@f5 22. B@d2 Bde6 
23. P@g4 Nd4 24. Qd3 c5 25. P@e3 Nc6 26. N@g5 Nxe5 27. Nxf7 Bxf7 28. Nxd5 
P@f6 29. B@b3 Nxd3 30. Nxf6+ exf6 31. Bxf7+ Kxf7 32. B@d5+ B@e6 33. Bxa8 N@g7 
34. cxd3 Bxg4 35. Bxg7 Kxg7 36. P@h6+ Kxh6 37. N@f7+ Kg7 
{Yoba forfeits on time} 0-1

[Event "fics rated crazyhouse match"]
[Site "fics, Oklahoma City, OK USA"]
[Date "2000.01.14"]
[White "Lomboc"]
[WhiteElo "2308"]
[Black "Yoba"]
[BlackElo "2259"]
[TimeControl "180+0"]
[Result "1-0"]

1. e4 e6 2. d4 Nf6 3. e5 Nd5 4. Nc3 Nc6 5. Nxd5 exd5 6. Nf3 
d6 7. Bb5 Bd7 8. O-O Nxe5 9. dxe5 Bxb5 10. N@d4 B@a6 11. Nxb5 Bxb5 
12. N@d4 P@e2 13. Nxe2 dxe5 14. Nxe5 Bd6 15. Qxd5 Bxe5 16. Qxe5+ N@e6 17. Qxb5+ 
c6 18. Qf5 P@g6 19. Qg4 N@e5 20. Qg3 Qf6 21. B@c3 N@f3+ 22. Kh1 Qh4 
23. Bxe5 Qxg3 24. Bxg3 O-O 25. gxf3 Rfd8 26. P@g2 Rd5 27. P@h6 gxh6 28. Bxh6 
P@g7 29. Bxg7 Kxg7 30. P@e5 Kf8 31. B@f6 B@g7 32. Bxg7+ Nxg7 33. B@d6+ Rxd6 
34. exd6 B@e6 35. P@e7+ Kg8 36. N@f6+ Kh8 37. R@f8+ B@g8 38. Rxa8 
{Yoba forfeits on time} 1-0

[Event "fics rated crazyhouse match"]
[Site "fics, Oklahoma City, OK USA"]
[Date "2001.01.14"]
[White "LINDEGREN"]
[WhiteElo "2344"]
[Black "valdushka"]
[BlackElo "2281"]
[TimeControl "60+0"]
[Result "1-0"]

1. e4 Nf6 2. Nc3 d5 3. exd5 Nxd5 4. d4 Nxc3 5. Nf3 Nxd1 6. Kxd1 
N@e4 7. Be3 P@f4 8. Bd3 fxe3 9. Bxe4 B@h5 10. fxe3 Bxf3+ 11. gxf3 N@f2+ 
12. Ke2 Nxh1 13. Rxh1 Nc6 14. B@b5 Bd7 15. d5 Nb4 16. Bxd7+ Qxd7 17. P@e6 
fxe6 18. B@f7+ Kd8 19. Bxe6 B@a6+ 20. P@d3 Q@g2+ 21. P@f2 Nxc2 22. N@f7+ Kc8 
23. Bxd7+ Kxd7 24. Bf5+ Ke8 25. Q@d7+ Kxf7 26. Qe6+ Ke8 27. Qd7+ Kf7 28. N@e5+ 
Kf6 29. Qe6+ Kg5 30. h4+ Kh5 31. Bg4+ Qxg4 32. Qxg4+ Kh6 33. N@f7# 
{valdushka checkmated} 1-0

[Event "fics rated crazyhouse match"]
[Site "fics, Oklahoma City, OK USA"]
[Date "2001.01.14"]
[White "valdushka"]
[WhiteElo "2274"]
[Black "LINDEGREN"]
[BlackElo "2351"]
[TimeControl "60+0"]
[Result "1-0"]

1. Nc3 Nf6 2. e4 Nc6 3. d4 d5 4. e5 Ne4 5. Nxe4 dxe4 6. Be3 
e6 7. Nh3 Bb4+ 8. c3 Be7 9. N@h5 Rg8 10. N5f4 N@f5 11. Be2 Bd7 
12. O-O Bg5 13. Nxg5 Qxg5 14. B@h3 Nxe3 15. fxe3 N@h4 16. N@g3 B@d5 17. Beg4 
O-O-O 18. Nxd5 exd5 19. B@f4 Qg6 20. Bxd7+ Rxd7 21. B@f5 Nxf5 22. Bxf5 Qxg3 
23. Bxg3 B@e6 24. Bxe6 fxe6 25. B@f7 Rgd8 26. Bxe6 B@d3 27. Bxd7+ Rxd7 28. N@c5 
N@e2+ 29. Kh1 Nxg3+ 30. hxg3 B@e8 31. P@a6 N@h5 32. R@f8 Nxg3+ 33. Kh2 Nxf1+ 
34. Qxf1 P@g3+ 35. Kxg3 R@g6+ 36. P@g4 B@h4+ 37. Kxh4 B@e7+ 38. B@f6 Bxf8 39. N@d6+ 
Kb8 40. Q@a8# 
{LINDEGREN forfeits on time} 1-0

[Event "fics rated crazyhouse match"]
[Site "fics, Oklahoma City, OK USA"]
[Date "2001.01.14"]
[White "LINDEGREN"]
[WhiteElo "2341"]
[Black "valdushka"]
[BlackElo "2284"]
[TimeControl "60+0"]
[Result "0-1"]

1. e4 Nf6 2. Nc3 d5 3. exd5 Nxd5 4. d4 Nxc3 5. bxc3 e5 6. d5 
P@e6 7. Bb5+ c6 8. dxc6 Qxd1+ 9. Kxd1 Q@d8+ 10. P@d7+ Nxd7 11. cxd7+ Bxd7 
12. Bxd7+ Qxd7+ 13. B@d3 N@e4 14. N@b5 Nxf2+ 15. Ke2 B@b6 16. P@a5 Nxh1 17. axb6 
R@f2+ 18. Ke1 Rc8 19. N@c7+ Rxc7 20. Nxc7+ Kd8 21. Q@b8+ N@c8 22. Nxe6+ fxe6 
23. Bg5+ P@f6 24. P@c7+ Ke7 25. B@b4+ Kf7 26. R@d8 P@d2+ 27. Bxd2 Rxd2 28. Rxd7+ 
B@e7 29. Q@e8+ Kxe8 30. Qxc8+ Kf7 31. Rxe7+ Bxe7 32. B@h5+ g6 33. Qxe6+ Kg7 
34. P@h6+ Kxh6 35. N@f7+ Kxh5 36. Qh3+ B@h4+ 37. Qxh4+ Kxh4 38. g3+ Kh5 39. B@f3+ 
P@g4 40. Bxg4+ Kxg4 41. h3+ Kh5 42. P@f2 Q@e2+ 43. Nxe2 Q@f1# 
{LINDEGREN forfeits on time} 0-1

[Event "fics rated crazyhouse match"]
[Site "fics, Oklahoma City, OK USA"]
[Date "2001.01.14"]
[White "valdushka"]
[WhiteElo "2293"]
[Black "LINDEGREN"]
[BlackElo "2332"]
[TimeControl "60+0"]
[Result "0-1"]

1. d4 Nf6 2. e3 Nc6 3. Nc3 d5 4. Nf3 e6 5. Be2 Bb4 6. O-O 
Bxc3 7. bxc3 Ne4 8. B@h3 O-O 9. Qd3 f5 10. Ne5 Nxe5 11. dxe5 N@g5 
12. Beg4 fxg4 13. Bxg4 B@f5 14. Bxf5 Rxf5 15. N@f4 B@f3 16. B@h1 Rxf4 17. P@h3 
N@e2+ 18. Qxe2 Bxe2 19. N@g3 Bxf1 20. Nxf1 N@e2# 
{valdushka checkmated} 0-1

[Event "fics rated crazyhouse match"]
[Site "fics, Oklahoma City, OK USA"]
[Date "2001.01.14"]
[White "LINDEGREN"]
[WhiteElo "2339"]
[Black "valdushka"]
[BlackElo "2286"]
[TimeControl "60+0"]
[Result "1-0"]

1. e4 Nf6 2. Nc3 d5 3. e5 Ne4 4. d4 Nxc3 5. bxc3 N@e4 6. Bd2 
Nxd2 7. Qxd2 B@h6 8. f4 Bf5 9. Bb5+ Nc6 10. Nf3 e6 11. O-O Be7 
12. N@g3 O-O 13. Bxc6 bxc6 14. Rae1 B@g4 15. Nxf5 Bxf5 16. N@g3 N@e4 17. Nxe4 
Bxe4 18. B@g5 Bhxg5 19. Nxg5 Bxg5 20. fxg5 N@h4 21. B@f6 gxf6 22. N@h6+ Kh8 
23. B@g7+ Kxg7 24. gxf6+ Kg6 25. N@f4+ Kxh6 26. Nxe6+ Kg6 27. Qg5# 
{valdushka checkmated} 1-0

[Event "fics rated crazyhouse match"]
[Site "fics, Oklahoma City, OK USA"]
[Date "2001.01.14"]
[White "valdushka"]
[WhiteElo "2279"]
[Black "LINDEGREN"]
[BlackElo "2346"]
[TimeControl "60+0"]
[Result "1-0"]

1. e4 Nf6 2. Nc3 Nc6 3. d4 d5 4. e5 Ne4 5. Nxe4 dxe4 6. Be3 
e6 7. N@g5 Bb4+ 8. c3 Be7 9. Nxe4 O-O 10. P@h6 f5 11. hxg7 Kxg7 
12. P@h6+ Kg8 13. Ng3 N@f7 14. Nf3 P@g5 15. Nh5 Nxh6 16. h4 f4 17. hxg5 
fxe3 18. fxe3 Nf5 19. P@f2 B@g6 20. P@f6 Bd6 21. exd6 cxd6 22. B@g7 Re8 
23. Nh4 Nxh4 24. Rxh4 N@f7 25. Nf4 Bf5 26. Bd3 P@e4 27. Bb5 Bd7 28. Bxc6 
Bxc6 29. N@g4 B@d3 30. N@h6# 
{LINDEGREN resigns} 1-0

[Event "fics rated crazyhouse match"]
[Site "fics, Oklahoma City, OK USA"]
[Date "2000.01.15"]
[White "Lomboc"]
[WhiteElo "2306"]
[Black "Thufir"]
[BlackElo "2389"]
[TimeControl "60+0"]
[Result "0-1"]

1. e3 e6 2. Nc3 Nc6 3. d4 Nf6 4. Nf3 d5 5. Bb5 Be7 6. Ne5 
Bd7 7. Nxd7 Nxd7 8. B@a4 N@b8 9. Bxc6 bxc6 10. N@e5 Nxe5 11. dxe5 N@b6 
12. Bb3 B@b4 13. Bd2 Bxc3 14. Bxc3 N@c5 15. N@h5 Rg8 16. Bd4 N8d7 17. B@d3 
Nxd3+ 18. Qxd3 B@g6 19. Qe2 Bxh5 20. Qxh5 Rh8 21. Qg4 N@g6 22. N@h5 Ndxe5 
23. Nxg7+ Kd7 24. Qg3 P@f6 25. Bxe5 Nxe5 26. B@f4 B@d6 27. Bxe5 Bxe5 28. P@f4 
Bxb2 29. O-O B@c3 30. Rad1 Rg8 31. Nxe6 fxe6 32. Qf3 P@e4 33. Qe2 Ba5 
34. Kh1 N@c3 35. Qd2 Nxd1 36. Rxd1 Bxd2 37. Rxd2 Q@f1+ 38. N@g1 Qxg2# 
{Lomboc checkmated} 0-1

[Event "fics rated crazyhouse match"]
[Site "fics, Oklahoma City, OK USA"]
[Date "2000.01.15"]
[White "Thufir"]
[WhiteElo "2395"]
[Black "Lomboc"]
[BlackElo "2300"]
[TimeControl "60+0"]
[Result "0-1"]

1. e4 d6 2. Nc3 Nf6 3. d4 Bg4 4. Nf3 Nbd7 5. Bb5 e5 6. d5 
Be7 7. O-O O-O 8. Be3 Nc5 9. Bxc5 dxc5 10. N@e3 Bxf3 11. Qxf3 B@d4 
12. B@g5 a6 13. Be2 N@g6 14. Nf5 h6 15. Bxf6 Bxf6 16. N@h5 Nf4 17. Nxf4 
exf4 18. N@h5 Bxc3 19. bxc3 Bxc3 20. Nhxg7 Bxg7 21. Nxg7 Kxg7 22. B@b2+ P@f6 
23. Qxf4 B@g5 24. Qg4 N@h7 25. P@e5 fxe5 26. Bxe5+ f6 27. Bb2 P@e5 28. P@e6 
N@g6 29. B@f5 Nf4 30. g3 N@h3+ 31. Kh1 Nxe2 32. Qxe2 N@f4 33. gxf4 Nxf4 
34. N@h5+ Nxh5 35. Qxh5 N@f4 36. Qg4 P@g2+ 37. Qxg2 Nxg2 38. N@h5+ Kh8 39. P@g7+ 
Kg8 40. Bxh7+ Kxh7 41. P@g6+ Kxg6 42. gxf8=N+ Qxf8 43. N@h8+ Qxh8 44. R@g3 Nf4 
45. Nxf4+ exf4 46. N@h4+ Kg7 47. Nf5+ Kf8 48. N@g6+ Ke8 49. Nxh8 B@f3+ 50. Rxf3 
P@g2+ 51. Kxg2 P@h3+ 52. Rxh3 N@e1+ 53. Kg1 f3 54. Rxf3 Q@g2# 
{Thufir checkmated} 0-1

[Event "fics rated crazyhouse match"]
[Site "fics, Oklahoma City, OK USA"]
[Date "2000.01.15"]
[White "Lomboc"]
[WhiteElo "2310"]
[Black "Thufir"]
[BlackElo "2385"]
[TimeControl "60+0"]
[Result "1-0"]

1. e4 e6 2. Nc3 Nc6 3. d4 Nf6 4. Nf3 Bb4 5. e5 Ne4 6. Bd2 
d5 7. Bd3 Nxd2 8. Qxd2 B@e4 9. Bxe4 dxe4 10. Ng5 Qxd4 11. Ngxe4 Qxd2+ 
12. Nxd2 Nxe5 13. Q@a4+ Nc6 14. B@f3 P@d5 15. P@b5 Bxc3 16. bxc3 N@b6 17. Qg4 
Ne5 18. Qxg7 Nxf3+ 19. Nxf3 Q@e4+ 20. B@e3 P@d2+ 21. Kxd2 Nc4+ 22. Ke2 Qxc2+ 
23. P@d2 B@d3+ 24. Ke1 P@b2 25. Qxh8+ B@f8 26. N@g7+ Kd7 27. N@e5+ Ke7 28. Bc5+ 
Nd6 29. Qxf8+ Kxf8 30. Bxd6+ cxd6 31. Nxe6+ Bxe6 32. N@d7+ Ke7 33. B@f6+ Ke8 
34. R@f8# 
{Thufir checkmated} 1-0